 Dungeon Crawl Stone Soup version 0.28.0-53-g5a82cb258f (webtiles) character file.

Game seed: 15643669952504096605

58 Descartes the Chopper (level 3, 0/30 HPs)
             Began as a Minotaur Warper on Aug 6, 2022.
             Succumbed to an adder's poison
             ... on level 2 of the Dungeon.
             The game lasted 00:02:37 (1068 turns).

Descartes the Chopper (Minotaur Warper)             Turns: 1068, Time: 00:02:37

Health: 0/30       AC:  6    Str: 14 (17) XL:     3   Next: 75%
Magic:  4/4        EV: 10    Int:  7 (10) God:
Gold:   64         SH:  0    Dex:  8 (9)  Spells: 5/5 levels left

rFire   . . .      SeeInvis .   f - +1 whip (pain)
rCold   . . .      Faith    .   (no shield)
rNeg    . . .      Spirit   .   i - +0 ring mail
rPois   .          Reflect  .   (helmet restricted)
rElec   .          Harm     .   (no cloak)
rCorr   .          Rampage  .   (no gloves)
Will    .....                   k - +0 pair of boots
Stlth   ..........              (no amulet)
HPRegen 0.10/turn               (no ring)
MPRegen 0.09/turn               (no ring)

@: lethally poisoned (0 -> -4), hasted, very quick
A: horns 2, retaliatory headbutt
a: no special abilities


You were on level 2 of the Dungeon.
You visited 1 branch of the dungeon, and saw 2 of its levels.

You collected 64 gold pieces.

Inventory:

Hand Weapons
 a - a +0 hand axe
 f - a +1 whip of pain (weapon)
Missiles
 d - 5 boomerangs of dispersal (quivered)
 g - 32 stones
 p - 37 arrows
 q - 32 sling bullets
Armour
 i - a +0 ring mail (worn)
 k - a +0 pair of boots (worn)
Scrolls
 b - a scroll of enchant armour {unknown}
 c - 2 scrolls of blinking
 e - a scroll of teleportation {unknown}
 h - 3 scrolls of immolation {unknown}
Potions
 j - a potion of curing {unknown}
 m - a potion of haste
 n - a potion of lignification {unknown}
 o - a potion of mutation {unknown}
 r - a potion of might {unknown}


   Skills:
 - Level 2.4 Fighting
 + Level 3.0(3.1) Axes
 + Level 0.6(2.0) Maces & Flails
 - Level 1.0 Throwing
 + Level 2.1 Armour
 - Level 2.1 Dodging
 + Level 1.4 Shields
 + Level 1.7 Spellcasting
 + Level 0.2 Necromancy
 + Level 2.4 Translocations


You had 5 spell levels left.
You didn't know any spells.
Your spell library contained the following spells:

 Spells                   Type           Power      Damage    Failure   Level
 Blink                    Tloc           8%         N/A       41%         2
 Gell's Gravitas          Tloc           4%         N/A       65%         3
 Lesser Beckoning         Tloc           4%         N/A       65%         3
 Teleport Other           Tloc           4%         N/A       65%         3
 Cause Fear               Hex            0%         N/A       100%        4
 Manifold Assault         Tloc           4%         N/A       100%        5
 Dragon Form              Tmut           0%         N/A       100%        7
 Dragon's Call            Summ           0%         N/A       100%        9


Dungeon Overview and Level Annotations

Branches:
Dungeon (2/15)

Altars:


Innate Abilities, Weirdness & Mutations

You have a pair of horns on your head.
You reflexively headbutt those who attack you in melee.


Message History

You hit the adder. Your headbutt misses the adder.
The adder is almost dead.
You feel sick. The adder bites you but does no damage.
You completely miss the adder.
The adder is almost dead.
You feel sick. The adder bites you.
You are more poisoned.
The adder poisons you!
An adder is nearby!
You are too injured to fight recklessly!
You miss the adder.
The adder is almost dead.
You feel sick. The adder bites you.
You are lethally poisoned!
The adder poisons you! The adder bites you.
* * * LOW HITPOINT WARNING * * *
You barely miss the adder.
The adder is almost dead.
* * * LOW HITPOINT WARNING * * *
You feel very sick. The adder barely misses you.
You barely miss the adder. Your headbutt misses the adder.
The adder is almost dead.
* * * LOW HITPOINT WARNING * * *
You feel sick. The adder closely misses you. You furiously retaliate!
You headbutt the adder, but do no damage.
You hit the adder.
You kill the adder!
* * * LOW HITPOINT WARNING * * *
You feel sick.
* * * LOW HITPOINT WARNING * * *
You feel sick.
You see here an adder corpse.
It was a potion of haste.
You feel yourself speed up.
* * * LOW HITPOINT WARNING * * *
You feel sick.
It was a potion of degeneration.
There was something very wrong with that liquid.
You feel weakened.
You feel dopey.
You feel clumsy.
You die...

........####......#.....
.........# #............
.###......###......#.....
.......................
..#.....#....#####......
..#..[..#...............
......####....####......
.........).......#......
.......@...........>#...
....................#...
......#......###... ....
......#....### ..( .....
#...... . ..... #....###
.... #....# .... ..<..#


There were no monsters in sight!

Vanquished Creatures
  2 adders (D:2)
  A dart slug (D:1)
  6 endoplasms (D:1)
  3 giant cockroaches
  3 goblins
  4 hobgoblins (D:1)
  2 quokkas
  2 ball pythons
  4 bats
  2 frilled lizards (D:1)
  4 kobolds
  2 rats (D:1)
35 creatures vanquished.

Notes
Turn   | Place    | Note
-------+----------+-------------------------------------------
     0 | D:1      | Descartes the Minotaur Warper began the quest for the Orb.
     0 | D:1      | Reached XP level 1. HP: 18/18 MP: 1/1
   176 | D:1      | Reached XP level 2. HP: 21/25 MP: 3/3
   256 | D:1      | Reached skill level 1 in Shields
   425 | D:1      | Found a faded altar of an unknown god.
   624 | D:1      | Reached XP level 3. HP: 30/30 MP: 4/4
   917 | D:2      | Reached skill level 3 in Axes
  1067 | D:2      | HP: 1/30 [poisoned by an adder]
  1068 | D:2      | Succumbed to an adder's poison

Illustrated notes

Levels and vault maps discovered:
D:1:      zelgadis_glass_arrival_small, layout_basic, basic_ecumenical_altar
D:2:      layout_basic, minmay_fractal_squares_gapless_5

Skill      XL: |  1  2  3 |
---------------+----------+-----
Shields        | 1 |  1.4
Armour         | 2 |  2.1
Axes           | 3 |  3.0
Fighting       | |  2.4
Maces & Flails | |  0.6
Throwing       | |  1.0
Dodging        | |  2.1
Spellcasting   | |  1.7
Necromancy     | |  0.2
Translocations | |  2.4

Action                   || total
-------------------------++-------
Melee: Hand axe          ||    24
       Headbutt          ||    10
       Whip              ||    45
  Use: Potion            ||     2
Armor: Leather armour    ||     6
       Ring mail         ||    15
Dodge: Dodged            ||    47
